 Dungeon Crawl Stone Soup version 0.31.0-9-g3a7656b989 (webtiles) character file.

Game seed: 10418275397043375735

301 qw the Ducker (level 6, -6/30 HPs)
             Began as a Spriggan Hunter on Feb 2, 2024.
             Killed from afar by Ijyb (9 damage)
             ... with a puff of flame
             ... on level 3 of the Dungeon.
             The game lasted 00:00:05 (1578 turns).

qw the Ducker (Spriggan Hunter)                     Turns: 1578, Time: 00:00:06

Health: -6/30      AC:  3    Str:  7    XL:     6   Next: 14%
Magic:  7/7        EV: 22    Int: 11    God:
Gold:   43         SH:  0    Dex: 20    Spells: 5/5 levels left

rFire   . . .        a - +0 shortbow
rCold   . . .        (shield currently unavailable)
rNeg    . . .        c - +0 robe
rPois   .            (helmet restricted)
rElec   .            d - +0 cloak
rCorr   .            (gloves unavailable)
SInv    +            (boots unavailable)
Will    +....        (no amulet)
Stlth   ++           (no ring)
HPRegen 0.25/turn    (no ring)
MPRegen 0.10/turn

%: no passive effects
@: very quick
A: very small, no large weapons, unfitting armour, see invisible, speed 3
a: no special abilities


You were on level 3 of the Dungeon.
You visited 1 branch of the dungeon, and saw 3 of its levels.

You collected 92 gold pieces.
You spent 49 gold pieces at shops.


Innate Abilities, Weirdness & Mutations

You are very small and have problems with some larger weapons.
You are too small for most types of armour.
You have supernaturally acute eyesight. (SInv)
You cover ground extremely quickly. (Speed+++)


   Skills:
 + Level 1.7 Fighting
 - Level 5.1 Ranged Weapons
 - Level 7.4 Dodging
 - Level 1.5 Stealth


You had 5 spell levels left.
You didn't know any spells.
Your spell library was empty.

Inventory:

Hand Weapons
 a - a +0 shortbow (weapon)
Armour
 c - a +0 robe (worn)
 d - a +0 cloak (worn)
Wands
 h - a wand of polymorph (10)
Scrolls
 i - a scroll of identify
Potions
 b - a potion of resistance {unknown}
 e - a potion of curing
 f - a potion of brilliance {unknown}
 g - a potion of ambrosia {unknown}

Dungeon Overview and Level Annotations

Branches:
Dungeon (3/15)

Altars:
Uskayaw

Shops:
D:2 [[

Annotations:
D:3 Ijyb


Message History

You shoot an arrow. The arrow closely misses the adder.
You feel sick. The adder barely misses you.
You shoot an arrow. The arrow misses the adder.
You feel sick.
You are no longer poisoned.
The adder completely misses you. The adder closely misses you.
You shoot an arrow. The arrow hits the adder.
You kill the adder!
You start resting.
HP restored.
You see here an adder corpse.
b - a red potion You see here a giant cockroach corpse.
i - a scroll of identify You open the door.
There is an open door here.
Ijyb the Twisted Goblin comes into view.
She is wielding a +0 club and carrying a wand of flame.
You shoot an arrow. The arrow hits Ijyb but does no damage.
Ijyb shouts!
Ijyb zaps a wand.
The puff of flame hits you!
1566 ||| FLEEEEING.
There is an open door here.
1567 ||| FLEEEEING.
1568 ||| FLEEEEING.
You start resting.
Ijyb is nearby!
You shoot an arrow. The arrow closely misses Ijyb.
You shoot an arrow. The arrow hits Ijyb.
Ijyb is moderately wounded.
Ijyb zaps a wand.
The puff of flame hits you!
You shoot an arrow. The arrow hits Ijyb.
Ijyb is moderately wounded.
Ijyb zaps a wand.
The puff of flame hits you.
You shoot an arrow. The arrow hits Ijyb.
Ijyb is heavily wounded.
Ijyb screams, "Me stronger than you!"
Ijyb zaps a wand.
The puff of flame hits you!
You shoot an arrow. The arrow barely misses Ijyb.
Ijyb zaps a wand.
The puff of flame hits you!
You die...

#.######## ##..##....##
##..##....%.## #
##............# . ##
##....#........####
.#g..####.....#....%...#...
........'.....#..........%.
.....####g....##...%..##.##
### ##@....##....##..##
##.....#######.... ##...##
#..## #+## #..## #.# #....
#.# #.### ##.## #.# ##...##
#.# #.....##### #.#


You could see Ijyb.

Vanquished Creatures
  Grinder (D:3)
  4 adders
  A dart slug (D:1)
  5 ball pythons
  4 bats
  4 endoplasms
  15 giant cockroaches
  4 hobgoblins (D:1)
  6 jackals (D:1)
  3 quokkas
  A frilled lizard (D:1)
  2 goblins
  3 kobolds
  3 rats
56 creatures vanquished.

Notes
Turn   | Place    | Note
-------+----------+-------------------------------------------
     0 | D:1      | qw the Spriggan Hunter began the quest for the Orb.
     0 | D:1      | Reached XP level 1. HP: 10/10 MP: 2/2
     0 | D:1      | 0 ||| qw: Version: 0.3-a-155-g5e7d8dd
     0 | D:1      | 0 ||| qw: Game counter: 1640
     0 | D:1      | 0 ||| qw: Melee chars always use a shield: true
     0 | D:1      | 0 ||| qw: God list: Okawaru
     0 | D:1      | 0 ||| qw: Allow faded altars: false
     0 | D:1      | 0 ||| qw: Do Orc after clearing Dungeon:15 true
     0 | D:1      | 0 ||| qw: Do second Lair branch before Depths: true
     0 | D:1      | 0 ||| qw: Lair rune preference: random
     0 | D:1      | 0 ||| qw: Goals: Normal
     0 | D:1      | 0 ||| PLANNING D:1-11
    21 | D:1      | Reached skill level 3 in Dodging
   110 | D:1      | Reached XP level 2. HP: 13/14 MP: 3/3
   124 | D:1      | Reached skill level 4 in Dodging
   451 | D:1      | Reached XP level 3. HP: 18/18 MP: 4/4
   486 | D:1      | 486 ||| READING scroll labelled SEWKEUT JIEF.
   587 | D:1      | 587 ||| READING scroll labelled REDGHA SUHINUE.
   588 | D:1      | 588 ||| READING scroll labelled UPPOTT WIEKHIL.
   589 | D:1      | 589 ||| DROPPING scroll of butterflies.
   678 | D:2      | Found Ragrixol's Armour Boutique.
   715 | D:2      | HP: 4/18 [adder (3)]
   806 | D:2      | Found Romueh's Armour Emporium.
   815 | D:2      | 815 ||| BUYING +0 cloak (49 gold).
   815 | D:2      | Bought a +0 cloak for 49 gold pieces
   815 | D:2      | 815 ||| SHOPLISTING +2 robe of Ziac {rCorr Slay+3} (394
                  | gold, have 34).
   838 | D:2      | Reached XP level 4. HP: 22/22 MP: 5/5
   858 | D:2      | Found a hide-covered altar of Uskayaw.
  1264 | D:2      | 1264 ||| UPGRADING to +0 cloak.
  1269 | D:2      | 1269 ||| READING scroll labelled WUDIYCZ UKYES.
  1269 | D:2      | 1269 ||| IDENTIFYING fuming inky potion
  1368 | D:3      | Noticed Grinder
  1377 | D:3      | 1377 ||| FLEEEEING.
  1378 | D:3      | 1378 ||| FLEEEEING.
  1393 | D:3      | 1393 ||| FLEEEEING.
  1394 | D:3      | 1394 ||| FLEEEEING.
  1408 | D:3      | HP: 5/22 [Grinder (2)]
  1409 | D:3      | Killed Grinder
  1410 | D:3      | Reached skill level 7 in Dodging
  1410 | D:3      | Reached XP level 5. HP: 6/25 MP: 6/6
  1410 | D:3      | Reached XP level 6. HP: 7/30 MP: 7/7
  1474 | D:3      | 1474 ||| FLEEEEING.
  1475 | D:3      | 1475 ||| FLEEEEING.
  1482 | D:3      | 1482 ||| FLEEEEING.
  1483 | D:3      | 1483 ||| FLEEEEING.
  1484 | D:3      | 1484 ||| FLEEEEING.
  1485 | D:3      | 1485 ||| FLEEEEING.
  1490 | D:3      | 1490 ||| FLEEEEING.
  1491 | D:3      | 1491 ||| FLEEEEING.
  1564 | D:3      | Noticed Ijyb
  1566 | D:3      | 1566 ||| FLEEEEING.
  1567 | D:3      | 1567 ||| FLEEEEING.
  1568 | D:3      | 1568 ||| FLEEEEING.
  1577 | D:3      | HP: 3/30 [Ijyb/puff of flame (9)]
  1578 | D:3      | Killed from afar by Ijyb

Levels and vault maps discovered:
D:1:      mrwooster_arrival_arrow, layout_rooms, serial_corexii_hall,
          corexii_hall_statues_s, chequers_hall_statues_y, nicolae_the_louvre
D:2:      layout_rooms, serial_shops, shop_fountains, shop, basic_altar,
          serial_corexii_hall, corexii_hall_statues_t,
          corexii_hall_statues_deadend
D:3:      minmay_roachtagon, layout_loops_corners, led_sif_book,
          nicolae_elyvilon_temple_path, serial_shops,
          nicolae_shop_window_shopping, nicolae_book_shop_shelving, shop,
          glass_columns_a, uniq_sigmund, uniq_jessica, uniq_robin, uniq_grinder,
          uniq_ijyb

Skill      XL: |  1  2  3  4 |
---------------+-------------+-----
Dodging        | 3 4 7 |  7.4
Ranged Weapons | 5 |  5.1
Fighting       | |  1.7
Stealth        | |  1.5

Action                     |  1- 3 |  4- 6 || total
---------------------------+-------+-------++-------
   Fire: Shortbow          |   106 |    70 ||   176
    Use: Scroll            |     3 |     1 ||     4
 Armour: Robe              |    17 |    11 ||    28
  Dodge: Dodged            |    64 |    19 ||    83

Table legend:
 A = Non-vault XP
 B = Vault XP
 C = Vault XP percentage of total XP
 D = Non-vault monster count
 E = Vault monster count
 F = Vault count percentage of total count
                 A         B        C        D         E       F
            +---------+---------+-------+---------+---------+-------
      Total |     125 |     306 |  71.0 |      45 |      11 |  19.6
            +---------+---------+-------+---------+---------+-------
        D:1 |      46 |       0 |   0.0 |      25 |       0 |   0.0
        D:2 |      62 |       0 |   0.0 |      17 |       0 |   0.0
        D:3 |      17 |     306 |  94.7 |       3 |      11 |  78.6
            +---------+---------+-------+---------+---------+-------
